 Dungeon Crawl Stone Soup version 0.26-a0-259-g1effd001a9 (webtiles) character file.

Game seed: 2973607852475347781

117 drasked the Firebug (level 4, -2/24 HPs)
             Began as a Deep Elf Fire Elementalist on July 14, 2020.
             Slain by Sigmund
             ... wielding a +0 scythe
              (9 damage)
             ... on level 2 of the Dungeon.
             The game lasted 00:03:10 (2334 turns).

drasked the Firebug (Deep Elf Fire Elementalist)    Turns: 2334, Time: 00:03:11

Health: -2/24      AC:  3    Str:  5    XL:     4   Next: 71%
Magic:  1/10       EV: 13    Int: 21    God:
Gold:   86         SH:  0    Dex: 15    Spells: 8/9 levels left

rFire    . . .     SeeInvis +   m - +0 short sword (venom)
rCold    . . .     Faith    .   (no shield)
rNeg     . . .     Spirit   .   a - +0 robe
rPois    .         Reflect  .   b - +0 helmet (curse)
rElec    .         Harm     .   (no cloak)
rCorr    .                      (no gloves)
MR       .....                  (no boots)
Stlth    ++........             (no amulet)
HPRegen  0.08/turn              S - ring of see invisible {sInv, !d}
MPRegen  0.12/turn              (no ring)

@: no status effects
A: no striking features
a: no special abilities


You were on level 2 of the Dungeon.
You were not hungry.

You visited 1 branch of the dungeon, and saw 2 of its levels.

You collected 86 gold pieces.

Inventory:

Hand Weapons
 m - a +0 short sword of venom (weapon)
   (You took it off a kobold on level 2 of the Dungeon)
Missiles
 d - 11 poisoned darts (quivered)
Armour
 a - a +0 robe (worn)
 b - a cursed +0 helmet (worn)
   (You took it off Robin on level 2 of the Dungeon)
Jewellery
 S - a ring of see invisible (left hand) {sInv, !d}
   (You found it on level 1 of the Dungeon)
Scrolls
 f - a scroll of amnesia {unknown}
 g - a scroll of fear {unknown}
 i - a scroll of enchant armour {unknown}
 j - a scroll of teleportation {unknown}
 k - 2 scrolls of identify {unknown}
Potions
 h - a potion of curing {unknown}
 l - a potion of berserk rage {unknown}
Comestibles
 e - 2 rations


   Skills:
 - Level 2.4 Dodging
 - Level 2.4 Stealth
 - Level 3.0 Spellcasting
 + Level 3.6 Conjurations
 + Level 4.8 Fire Magic


You had 8 spell levels left.
You knew the following spells:

 Your Spells              Type           Power        Failure   Level
a - Foxfire               Conj/Fire      ###.         2%          1

Your spell library contained the following spells:

 Spells                   Type           Power        Failure   Level
 Conjure Flame            Conj/Fire      ###.....     7%          3
 Inner Flame              Hex/Fire       ##......     14%         3
 Sticky Flame             Conj/Fire      ###.....     22%         4
 Fireball                 Conj/Fire      ###.......   54%         5


Dungeon Overview and Level Annotations

Branches:
Dungeon (2/15)

Altars:

Annotations:
D:2 1 runed translucent door, Crazy Yiuf, Jessica, Sigmund


Message History

The kobold throws a stone.
The stone hits you.
You see here a stone.
You conjure some foxfire!
The foxfire hits the kobold.
You conjure some foxfire!
The foxfire hits the kobold.
You kill the kobold!
Unknown command.
Things that are here:
a +0 short sword of venom; a stone
m - a +0 short sword of venom Your +0 short sword of venom begins to drip with poison!
m - a +0 short sword of venom (weapon)
Unknown command.
Drop what? 14/52 slots (_ for help) (? for menu, Esc to quit)
You drop a +0 hand axe.
Really wear
b - a cursed +0 helmet?
You start putting on your armour.
You continue putting on your cursed +0 helmet. x4
You finish putting on your cursed +0 helmet.
Oops, that feels deathly cold.
You start resting.
Things that are here:
a +0 hand axe; a stone
Found a stone staircase leading down.
k - 2 scrolls labeled DAULOD YDUTISH (gained 1)
You see here a mace.
You see here a mace.
You see here a mace.
You're in a travel-excluded area, stopping explore.
Unknown command.
Unknown command.
You see here a mace.
You are feeling hungry.
You see here a mace.
Okay, then.
You eat one of the 3 rations.
That ration really hit the spot!
You now have 86 gold pieces (gained 16).
A hobgoblin comes into view.
Found an escape hatch in the ceiling.
You conjure some foxfire!
The hobgoblin shouts!
The foxfire hits the hobgoblin.
You kill the hobgoblin!
You start resting.
A goblin comes into view.
A goblin is nearby!
A goblin is nearby!
Unknown command.
A goblin is nearby!
A goblin is nearby!
A goblin is nearby!
You conjure some foxfire!
The goblin shouts!
Jessica the Apprentice Sorceress comes into view.
The foxfire hits the goblin.
You kill the goblin!
You conjure some foxfire!
The foxfire hits Jessica.
The foxfire hits Jessica.
Jessica mumbles some strange words.
Jessica blinks!
You conjure some foxfire!
You conjure some foxfire!
You conjure some foxfire!
You conjure some foxfire!
Sigmund the Dreaded comes into view.
He is wielding a +0 scythe and wearing a +0 robe of magic resistance.
You conjure some foxfire!
A centaur zombie comes into view.
The foxfire hits the centaur zombie.
You conjure some foxfire!
* * * LOW MAGIC WARNING * * *
The foxfire hits Sigmund.
Sigmund giggles. "Time to reap what you sow."
You conjure some foxfire!
* * * LOW MAGIC WARNING * * *
The foxfire hits the centaur zombie!
The foxfire hits the centaur zombie.
The foxfire hits the centaur zombie.
The centaur zombie misses you.
You conjure some foxfire!
* * * LOW MAGIC WARNING * * *
The centaur zombie completely misses you.
The foxfire hits the centaur zombie. x2; The centaur zombie barely misses you.
Sigmund gestures wildly while chanting.
Sigmund flickers and vanishes for a moment.
You conjure some foxfire!
* * * LOW MAGIC WARNING * * *
The centaur zombie hits you.
Jessica gestures wildly while chanting.
Jessica blinks!
The centaur zombie hits you.
The foxfire hits the centaur zombie.
Sigmund barely misses you. The centaur zombie barely misses you.
The foxfire hits Sigmund.
You conjure some foxfire!
* * * LOW MAGIC WARNING * * *
The centaur zombie hits you!
* * * LOW HITPOINT WARNING * * *
Sigmund barely misses you.
The foxfire hits the centaur zombie. x2; The centaur zombie barely misses you.
The centaur zombie hits you.
* * * LOW HITPOINT WARNING * * *
Sigmund screams, "Die, monster!"
Sigmund hits you from afar with a +0 scythe!
You die...

<... ############
##..... ........)...
#..†(. #.########.#
.....# #.# #####.##
#.... #.# #....##
#.#Z# #.###.#.#.##
#@#@#######.#...#..<.#
#............#####>#.
##..@......#...#...#.
#..#######.###.#.###.
#........# #.#
#....... #.####.###
#####.####...... ...
#............... ####
#.#########..... #.#
###### #.# #.#


You could see Sigmund (invisible), Jessica and a centaur zombie.

Levels and vault maps discovered:
D:1:      minmay_arrival_stair_chambers, layout_basic
D:2:      layout_loops_ring, grunt_temple_overflow_order_and_chaos_2,
          uniq_sigmund, uniq_jessica, uniq_crazy_yiuf_cottage, uniq_robin

Notes
Turn   | Place    | Note
-------+----------+-------------------------------------------
     0 | D:1      | drasked the Deep Elf Fire Elementalist began the quest for
                  | the Orb.
     0 | D:1      | Reached XP level 1. HP: 10/10 MP: 6/6
   145 | D:1      | Identified a +0 club
   203 | D:1      | Identified a +0 hand axe (You found it on level 1 of the
                  | Dungeon)
   248 | D:1      | Reached XP level 2. HP: 15/15 MP: 0/8
   353 | D:1      | Reached skill level 2 in Conjurations
   423 | D:1      | Identified a +0 club
   438 | D:1      | Identified a +0 club
   442 | D:1      | Identified a +0 short sword
   442 | D:1      | Identified a +0 club
   454 | D:1      | Identified a cursed +0 club
   454 | D:1      | Identified a +0 ring mail
   680 | D:1      | Identified a +0 club
   686 | D:1      | Reached skill level 4 in Fire Magic
  1114 | D:2      | Identified a +0 dagger
  1118 | D:2      | Reached XP level 3. HP: 19/19 MP: 6/9
  1558 | D:2      | Identified a +0 club
  1566 | D:2      | Identified a cursed -2 dagger
  1569 | D:2      | Reached skill level 3 in Conjurations
  1570 | D:2      | Identified a cursed -1 dagger
  1570 | D:2      | Identified a +0 animal skin
  1570 | D:2      | Identified a cursed +0 helmet
  1570 | D:2      | Noticed Robin
  1598 | D:2      | Identified a +0 dagger
  1599 | D:2      | Killed Robin
  1599 | D:2      | Reached XP level 4. HP: 24/24 MP: 2/10
  1696 | D:2      | Identified a ring of see invisible (You found it on level 1
                  | of the Dungeon)
  2192 | D:2      | Identified a +0 short sword of venom
  2265 | D:2      | Found a runed translucent door.
  2266 | D:2      | Identified a +3 quarterstaff of chaos
  2266 | D:2      | Identified a +0 cloak
  2266 | D:2      | Noticed Crazy Yiuf
  2308 | D:2      | Identified a +0 robe
  2308 | D:2      | Noticed Jessica
  2319 | D:2      | Identified a +0 scythe
  2319 | D:2      | Identified a +0 robe of magic resistance
  2319 | D:2      | Noticed Sigmund
  2334 | D:2      | Slain by Sigmund

Table legend:
 A = Turns spent in this place as a percentage of turns spent in the entire game.
 B = Non-inter-level travel turns spent in this place as a percentage of non-inter-level travel turns spent in the entire game.
 C = Inter-level travel turns spent in this place as a percentage of turns spent in this place.
 D = Turns resting spent in this place as a percentage of non-inter-level travel turns spent in this place.
 E = Turns spent auto-exploring this place as a percentage of non-inter-level travel turns spent in this place.
 F = Non-inter-level travel turns spent in this place divided by the number of levels of this place that you've seen.
                   A       B       C       D       E      F
               +-------+-------+-------+-------+-------+----------------------
         Total | 100.0 | 100.0 |   1.6 |  46.8 |  35.3 | 1148.5
       Dungeon | 100.0 | 100.0 |   1.6 |  46.8 |  35.3 | 1148.5
               +-------+-------+-------+-------+-------+----------------------

Table legend:
 A = Kills in this place as a percentage of kills in entire the game.
 B = Kills by you in this place as a percentage of kills by you in the entire game.
 C = Kills by friends in this place as a percentage of kills by friends in the entire game.
 D = Other kills in this place as a percentage of other kills in the entire game.
 E = Experience gained in this place as a percentage of experience gained in the entire game.
 F = Experience gained in this place divided by the number of levels of this place that you have seen.
                   A       B       C       D       E      F
               +-------+-------+-------+-------+-------+----------------------
         Total | 100.0 | 100.0 |   N/A |   N/A | 100.0 |  84.0
       Dungeon | 100.0 | 100.0 |   N/A |   N/A | 100.0 |  84.0
               +-------+-------+-------+-------+-------+----------------------

Skill      XL: |  1  2  3 |
---------------+----------+-----
Conjurations   | 2 3 |  3.6
Fire Magic     | 4 |  4.8
Dodging        | |  2.4
Stealth        | |  2.4
Spellcasting   | |  3.0

Action                   |  1- 3 |  4- 6 || total
-------------------------+-------+-------++-------
 Cast: Foxfire           |    93 |    51 ||   144
  Eat: Ration            |     1 |     1 ||     2
Armor: Robe              |     4 |       ||     4
Dodge: Dodged            |    33 |    10 ||    43

Vanquished Creatures
  Robin (D:2)
  5 adders (D:2)
  An ooze (D:1)
  A worm (D:2)
  A dart slug (D:2)
  A ball python (D:1)
  3 bats
  3 giant cockroaches
  8 goblins
  7 hobgoblins
  4 jackals (D:2)
  7 kobolds
  4 frilled lizards
  6 rats
52 creatures vanquished.

Vanquished Creatures (others)
  234 foxfires
234 creatures vanquished.

Grand Total: 286 creatures vanquished
